 Dungeon Crawl Stone Soup version 0.15.0-8-gb109cf8 (webtiles) character file.

141304 MDvedh the Axe Maniac (level 16, 0/145 HPs)
             Began as a Minotaur Berserker on Aug 29, 2014.
             Was the Champion of Trog.
             Slain by a naga warrior
             ... wielding a +0 flail
              (6 damage)
             ... on Level 4 of the Snake Pit.
             The game lasted 01:17:53 (32590 turns).

MDvedh the Axe Maniac (Minotaur Berserker)         Turns: 32590, Time: 01:17:53

HP   0/145       AC 26     Str 26      XL: 16   Next: 77%
MP   6/6         EV 14     Int  4      God: Trog [******]
Gold 1731        SH  0     Dex 11      Spells:  0 memorised, 15 levels left

rFire  . . .     SeeInvis .     U - +7 executioner's axe (freeze)
rCold  + . .     Clarity  +     d - +1 plate armour {MR+}
rNeg   . . .     rCorr    .     (no shield)
rPois  +         rRot     .     (helmet unavailable)
rElec  +         Spirit   .     o - +0 cloak of Starlight {rElec rC+ EV+4 Stlth-}
SustAb .         Warding  .     y - +2 pair of gloves
rMut   .         Stasis   .     V - +2 pair of boots {run}
Gourm  .                        a - amulet of clarity
MR     ++...                    i - ring of poison resistance
                                O - +3 ring of evasion

@: constricted, quick, very resistant to hostile enchantments, extremely
unstealthy
A: retaliatory headbutt, horns 3, spit poison 1, weak 1
a: Spit Poison, Burn Spellbooks, Berserk, Trog's Hand, Brothers in Arms,
Renounce Religion


You were on level 4 of the Snake Pit.
You worshipped Trog.
Trog was exalted by your worship.
You were not hungry.

You visited 5 branches of the dungeon, and saw 32 of its levels.

You collected 3345 gold pieces.
You spent 1614 gold pieces at shops.

Inventory:

Hand weapons
 U - a +7 executioner's axe of freezing (weapon)
 Y - a +3 executioner's axe of electrocution
Armour
 d - a +1 plate armour of magic resistance (worn)
 o - the +0 cloak of Starlight (worn) {rElec rC+ EV+4 Stlth-}
   (You bought it in a shop on level 11 of the Dungeon)

   It affects your evasion (+4).
   It protects you from cold.
   It insulates you from electricity.
   It makes you less stealthy.
 y - a +2 pair of gloves (worn)
 R - a +0 hat
 V - a +2 pair of boots of running (worn)
Magical devices
 j - a wand of fire (9)
 r - a wand of digging (6)
 A - a wand of digging (3)
 L - a wand of fire (9)
 Q - a wand of draining (4)
 T - a wand of slowing (11)
 X - a wand of magic darts (11)
Comestibles
 c - 13 bread rations
 f - 20 fruits
 h - 7 meat rations
 H - 8 slices of pizza
 I - 6 beef jerkies
Scrolls
 b - 5 scrolls of fog
 k - a scroll of fear
 w - 8 scrolls of teleportation
 z - 8 scrolls of remove curse
 D - 8 scrolls of magic mapping
 J - 2 scrolls of recharging
 N - a scroll of vulnerability
 S - a scroll of identify
 W - a scroll of enchant armour
Jewellery
 a - an amulet of clarity (around neck)
 i - a ring of poison resistance (right hand)
 m - an uncursed ring of protection from cold
 s - an uncursed ring of see invisible
 u - an uncursed ring of fire
 x - an uncursed amulet of resist mutation
 B - an uncursed ring of ice
 E - a +2 ring of protection
 K - an uncursed amulet of warding
 M - an uncursed ring of protection from fire
 O - a +3 ring of evasion (left hand)
Potions
 e - 7 potions of curing
 g - 3 potions of haste
 l - 2 potions of might
 n - a potion of berserk rage
 p - a potion of magic
 q - 2 potions of invisibility
 t - a potion of restore abilities
 v - 3 potions of cancellation
 C - 4 potions of flight
 F - 2 potions of cure mutation
 G - 2 potions of agility
 P - a potion of resistance


   Skills:
 + Level 13.8 Fighting
 O Level 27 Axes
 + Level 13.6 Armour
 - Level 2.1 Dodging


You had 15 spell levels left.
You didn't know any spells.

Dungeon Overview and Level Annotations

Branches:
Dungeon (15/15)            Temple (1/1) D:7             Orc (4/4) D:10
    Elf (0/3) Orc:4          Lair (8/8) D:11         Shoals (0/5) Lair:4
  Snake (4/5) Lair:3        Slime (0/6) Lair:6       Vaults (0/5) D:13
 Depths (0/5) D:15

Altars:
Ashenzari
Cheibriados
Dithmenos
Elyvilon
Fedhas
Nemelex Xobeh
Sif Muna
Vehumet
Xom
Beogh

Shops:
D:6 [   D:8 *   D:11 [   D:14 :*   Orc:3 (   Orc:4 %**[%   Snake:1 %

Annotations:
Lair:2 exclusion: oklob plant


Innate Abilities, Weirdness & Mutations

You reflexively headbutt those who attack you in melee.
You have a pair of large horns on your head.
You can spit poison.
You are weak. (Str -2)


Message History

The naga warrior blocks your attack. x2
The naga warrior is severely wounded.
You slash the salamander mystic! You freeze the salamander mystic!
The salamander mystic is heavily wounded.
The salamander mystic points at you and mumbles some strange words.
The bolt of magma hits you!
* * * LOW HITPOINT WARNING * * *
The naga warrior hits you but does no damage.
The naga warrior constricts you.
A salamander comes into view.
Unknown command.
The naga warrior blocks your attack.
You headbutt the naga warrior.
The naga warrior is severely wounded.
You slash the salamander mystic! You freeze the salamander mystic.
The salamander mystic is severely wounded.
The salamander mystic casts a spell at you.
The poison in your system burns!
* * * LOW HITPOINT WARNING * * *
The naga warrior hits you with a flail.
You die...

###.()).######.%........# .#
##((.).)..).(.........#
?..####((##.#####..........#
#....#..<....[#..........#
#...(##....#.##......#
##.(.###...$.###....# #...#
#.#...##....##
####...##........##.#
#......N@......### .
#......N.....#.#
................
....<.>...##..##.
###.#..##.# #.# N..... #.#
.. #.#.# #.. .#. .##.


You could see a naga warrior, a salamander mystic and a salamander.

Vanquished Creatures
  Saint Roka (Snake:3)
  Agnes (Snake:3)
  5 greater nagas
  Maud (Lair:6)
  Aizul (Snake:3)
  Gastronok (Lair:1)
  Snorg (Lair:8)
  A vault guard (D:13)
  A fire dragon (D:15)
  Josephine (Orc:3)
  The ghost of Simboubou the Basher, a powerful MiBe of Trog (D:13)
  Fannar (Orc:4)
  8 naga warriors
  Harold (Lair:4)
  5 anacondas
  6 hydras
  Erica (Lair:6)
  A centaur warrior (D:15)
  7 death yaks
  2 shock serpents
  3 orc high priests (Orc:4)
  A soul eater (Orc:4)
  7 naga sharpshooters
  A fire crab (Lair:8)
  Nergalle (D:11)
  A catoblepas (D:15)
  4 unseen horrors
  2 naga ritualists (Snake:1)
  4 hill giants
  A lindwurm (Lair:8)
  2 wolf spiders
  5 orc knights (Orc:4)
  7 mana vipers
  4 wizards
  2 necromancers
  7 ugly things
  3 cyclopes
  A griffon (Lair:8)
  7 orc sorcerers
  A sixfirhy (Orc:4)
  A draconian (shapeshifter) (D:13)
  Maurice (Orc:1)
  8 elephants
  3 salamanders (Snake:2)
  27 black mambas
  2 torpor snails (Lair:8)
  2 gargoyles
  17 spiny frogs
  10 naga magi
  A feature mimic (Lair:3)
  8 guardian serpents
  2 fire drakes (Lair:8)
  4 trolls
  A hydra zombie (D:15)
  A spriggan druid (Lair:7)
  10 komodo dragons
  A two-headed ogre (D:15)
  3 polar bears (Lair:7)
  31 blink frogs
  A griffon zombie (D:15)
  A fire dragon zombie (D:15)
  4 boulder beetles
  4 slime creatures (D:13)
  A shadow (D:14)
  3 deep elf magi
  9 hippogriffs
  Eustachio (D:10)
  2 wyverns
  20 humans (D:13)
  53 yaks
  The ghost of dadoka the Poker, an average DsGl (D:3)
  3 fire bats (Lair:6)
  A human zombie (D:13)
  18 wolves
  A hungry ghost (D:9)
  23 nagas
  5 wargs
  Edmund (D:5)
  3 vampire mosquitoes (D:12)
  6 ice beasts
  5 porcupines
  A black bear (Lair:7)
  28 water moccasins
  17 orc warriors
  A yellow wasp (D:15)
  A necrophage (D:8)
  2 sky beasts
  9 centaurs
  3 phantoms
  8 crocodiles
  A manticore skeleton (D:15)
  2 boring beetles
  Duvessa (D:6)
  5 ogres
  24 giant frogs
  Blork the orc (D:7)
  4 big kobolds
  A yaktaur skeleton (D:15)
  A boulder beetle zombie (D:12)
  5 scorpions
  3 killer bees (D:11)
  2 troll zombies
  An electric eel (Lair:6)
  15 wights
  9 crimson imps
  Dowan (D:6)
  A giant frog zombie (D:13)
  6 jellies
  2 giant frog skeletons
  12 hounds
  A gnoll shaman (D:4)
  2 quasits
  12 iguanas
  23 orc wizards
  3 spectral orcs (D:11)
  2 elf skeletons
  A basilisk skeleton (D:12)
  19 orc priests
  9 worker ants
  28 sheep
  An ogre skeleton (D:6)
  2 mummies
  9 gnolls
  34 adders
  A shadow imp (D:5)
  85 green rats
  7 worms
  An orc simulacrum (Orc:3)
  3 orc zombies
  An iguana skeleton (D:7)
  9 giant geckos
  An ooze (D:2)
  115 orcs
  2 bat skeletons
  3 giant cockroaches
  18 goblins
  13 hobgoblins
  4 jackals (D:5)
  9 quokkas
  A ball python (D:3)
  15 bats
  A giant newt (D:1)
  A goblin simulacrum (Orc:3)
  A hobgoblin skeleton (Orc:3)
  A hobgoblin zombie (D:7)
  A jackal skeleton (D:7)
  24 kobolds
  2 quokka skeletons
  9 rats
  A rat skeleton (D:8)
  3 butterflies (D:8)
  9 fungi
  3 plants (Lair:7)
1067 creatures vanquished.

Vanquished Creatures (collateral kills)
  2 hydras
  A hippogriff (Lair:1)
  A crocodile (Lair:1)
  A big kobold (D:8)
  An iguana (Lair:1)
6 creatures vanquished.

Vanquished Creatures (others)
  A spiny frog (Lair:8)
  2 two-headed ogres (D:11)
  A deep elf mage (D:9)
  An ogre (D:11)
  A scorpion (D:9)
  4 fungi (Lair:8)
  6 plants (Lair:8)
16 creatures vanquished.

Grand Total: 1089 creatures vanquished

Notes
Turn   | Place    | Note
--------------------------------------------------------------
     0 | D:1      | MDvedh, the Minotaur Berserker, began the quest for the Orb.
     0 | D:1      | Reached XP level 1. HP: 19/19 MP: 1/1
    93 | D:1      | Reached skill level 4 in Axes
   189 | D:1      | Reached XP level 2. HP: 23/26 MP: 1/1
   426 | D:1      | Acquired Trog's second power
   690 | D:2      | Reached skill level 5 in Axes
   690 | D:2      | Reached XP level 3. HP: 29/31 MP: 2/2
   970 | D:2      | Reached XP level 4. HP: 31/39 MP: 2/2
  1056 | D:2      | Reached skill level 6 in Axes
  1450 | D:3      | Noticed dadoka's ghost (average DsGl)
  1466 | D:3      | Killed dadoka's ghost
  1466 | D:3      | Reached skill level 8 in Axes
  1466 | D:3      | Reached XP level 5. HP: 38/45 MP: 2/2
  1663 | D:3      | Reached XP level 6. HP: 51/51 MP: 3/3
  2086 | D:4      | Reached skill level 9 in Axes
  2806 | D:4      | Reached XP level 7. HP: 55/57 MP: 3/3
  2843 | D:5      | Entered Level 5 of the Dungeon
  2882 | D:5      | Noticed Edmund
  2893 | D:5      | Killed Edmund
  2893 | D:5      | Reached skill level 10 in Axes
  3024 | D:5      | Found a white marble altar of Elyvilon.
  3057 | D:5      | Found a shattered altar of Ashenzari.
  3061 | D:5      | Found a radiant altar of Vehumet.
  3063 | D:5      | Found a snail-covered altar of Cheibriados.
  3151 | D:5      | Acquired Trog's third power
  3188 | D:5      | Reached skill level 11 in Axes
  3431 | D:5      | Reached XP level 8. HP: 64/64 MP: 3/3
  3509 | D:5      | Found a white marble altar of Elyvilon.
  3665 | D:6      | Noticed Duvessa
  3666 | D:6      | Noticed Dowan
  3675 | D:6      | Killed Duvessa
  3675 | D:6      | Reached skill level 12 in Axes
  3691 | D:6      | Killed Dowan
  3779 | D:6      | Found a blossoming altar of Fedhas.
  4088 | D:6      | Reached skill level 13 in Axes
  4243 | D:6      | Found Qajan's Antique Armour Shoppe.
  4304 | D:6      | Bought a pair of bloodstained boots for 237 gold pieces
  4310 | D:6      | Identified the +1 pair of boots of an ossuary {rN+ SInv} (You bought it in a shop on level 6 of the Dungeon)
  4593 | D:6      | Found a snail-covered altar of Cheibriados.
  4641 | D:7      | Reached XP level 9. HP: 65/70 MP: 4/4
  4740 | D:7      | Reached skill level 14 in Axes
  4913 | D:7      | Noticed Blork the orc
  4920 | D:7      | Killed Blork the orc
  4974 | D:7      | Received a gift from Trog
  5457 | D:7      | Found a staircase to the Ecumenical Temple.
  5529 | Temple   | Entered the Ecumenical Temple
  5599 | D:7      | Reached skill level 15 in Axes
  6033 | D:8      | Found a shimmering altar of Xom.
  6164 | D:8      | Reached skill level 16 in Axes
  6260 | D:8      | Noticed a three-headed hydra
  6266 | D:8      | Reached XP level 10. HP: 58/77 MP: 4/4
  6270 | D:8      | Killed a five-headed hydra
  6553 | D:8      | Found Strodeoje's General Store.
  6599 | D:8      | Found a deep blue altar of Sif Muna.
  6648 | D:8      | Found a shadowy altar of Dithmenos.
  6649 | D:8      | Found a sparkling altar of Nemelex Xobeh.
  6780 | D:8      | Noticed a five-headed hydra
  6786 | D:8      | Killed a seven-headed hydra
  6786 | D:8      | Reached skill level 17 in Axes
  7020 | D:8      | Received a gift from Trog
  7616 | D:9      | Reached skill level 5 in Fighting
  7802 | D:9      | Reached skill level 5 in Armour
  8256 | D:10     | Entered Level 10 of the Dungeon
  8257 | D:10     | Noticed a hill giant
  8271 | D:10     | Killed a hill giant
  8352 | D:10     | Noticed a hill giant
  8376 | D:10     | Killed a hill giant
  8754 | D:10     | Found a staircase to the Orcish Mines.
  8831 | D:10     | Noticed Eustachio
  8843 | D:10     | Killed Eustachio
  8865 | D:10     | Reached XP level 11. HP: 88/92 MP: 4/4
  9920 | D:11     | Noticed a hill giant
  9936 | D:11     | Killed a hill giant
 10031 | D:11     | Noticed Nergalle
 10297 | D:11     | Found a staircase to the Lair.
 10306 | D:11     | Noticed an unseen horror
 10316 | D:11     | Killed an unseen horror
 10329 | D:11     | Noticed a six-headed hydra
 10347 | D:11     | Killed a six-headed hydra
 10347 | D:11     | Reached skill level 10 in Fighting
 10662 | D:11     | Noticed a hill giant
 10677 | D:11     | Killed a hill giant
 10928 | D:11     | Killed Nergalle
 10928 | D:11     | Reached skill level 10 in Armour
 11173 | D:11     | Found Leyth's Armour Shop.
 11321 | Lair:1   | Entered Level 1 of the Lair of Beasts
 11402 | Lair:1   | Reached XP level 12. HP: 48/110 MP: 5/5
 11646 | Lair:1   | Received a gift from Trog
 11704 | Lair:1   | Noticed an eight-headed hydra
 11720 | Lair:1   | Killed an eight-headed hydra
 12660 | Lair:1   | Noticed Gastronok
 12674 | Lair:1   | Killed Gastronok
 13184 | Lair:2   | Received a gift from Trog
 13489 | Lair:2   | Found a blossoming altar of Fedhas.
 14297 | Lair:3   | Received a gift from Trog
 14347 | Lair:3   | Found a staircase to the Snake Pit.
 14378 | Lair:3   | Found a hole to the Spider Nest.
 14386 | Lair:3   | the hole to the Spider Nest was a mimic.
 14442 | Lair:3   | Identified a scroll of acquirement
 14454 | Lair:3   | Identified a +2 pair of boots of running (You acquired it on level 3 of the Lair of Beasts)
 14598 | Lair:3   | Reached XP level 13. HP: 122/122 MP: 5/5
 15547 | Lair:4   | Found a staircase to the Shoals.
 15606 | Lair:4   | Reached skill level 18 in Axes
 15628 | Lair:4   | Noticed Harold
 15636 | Lair:4   | Killed Harold
 16364 | Lair:5   | Received a gift from Trog
 16612 | Lair:6   | Noticed Maud
 16619 | Lair:6   | Killed Maud
 16927 | Lair:6   | Reached skill level 19 in Axes
 16954 | Lair:6   | Noticed Erica
 16962 | Lair:6   | Killed Erica
 17299 | Lair:6   | Found a staircase to the Slime Pits.
 17683 | Lair:7   | Reached skill level 20 in Axes
 18713 | Lair:8   | Entered Level 8 of the Lair of Beasts
 18756 | Lair:8   | Received a gift from Trog
 19041 | Lair:8   | Reached XP level 14. HP: 129/129 MP: 5/5
 19605 | Lair:8   | Reached skill level 21 in Axes
 19793 | Lair:8   | Noticed Snorg
 19800 | Lair:8   | Killed Snorg
 20007 | Lair:8   | HP: 4/129 [fire crab (8)]
 21221 | Lair:2   | Reached skill level 22 in Axes
 21501 | D:11     | Bought the +0 cloak of Starlight {rElec rC+ EV+4 Stlth-} for 654 gold pieces
 21632 | Orc:1    | Entered Level 1 of the Orcish Mines
 21708 | Orc:1    | Noticed Maurice
 21712 | Orc:1    | Received a gift from Trog
 21721 | Orc:1    | Killed Maurice
 21948 | Orc:2    | Found a roughly hewn altar of Beogh.
 21976 | Orc:3    | Found Sauluf's Weapon Shop.
 22288 | Orc:3    | Noticed Josephine
 22299 | Orc:3    | Killed Josephine
 22359 | Orc:3    | Found a roughly hewn altar of Beogh.
 22508 | Orc:4    | Entered Level 4 of the Orcish Mines
 22508 | Orc:4    | Noticed Sonja
 22509 | Orc:4    | Sonja changed into something unseen
 22546 | Orc:4    | Killed Sonja the unseen horror
 22623 | Orc:4    | Found a staircase to the Elven Halls.
 22701 | Orc:4    | Received a gift from Trog
 22790 | Orc:4    | Found Grorch Klogh's Food Shoppe.
 23087 | Orc:4    | Found Vufaf's Food Boutique.
 23107 | Orc:4    | Found Xuawn's Assorted Antiques.
 23113 | Orc:4    | Found Kosalaang's Assorted Antiques.
 23115 | Orc:4    | Found Thaomom's Armour Boutique.
 23122 | Orc:4    | Reached skill level 23 in Axes
 23316 | Orc:4    | Bought an orange potion for 27 gold pieces
 23316 | Orc:4    | Bought a square filigree amulet for 155 gold pieces
 23343 | Orc:4    | Bought a thin beryl amulet for 100 gold pieces
 23343 | Orc:4    | Bought a transparent scale mail for 180 gold pieces
 23354 | Orc:4    | Identified the cursed -3 scale mail of Jigsaw {+Inv rPois MR+ Stlth+} (You bought it in a shop on level 4 of the Orcish Mines)
 23453 | Orc:4    | Received a gift from Trog
 23486 | Orc:4    | Noticed Fannar
 23500 | Orc:4    | Killed Fannar
 23824 | D:12     | Reached XP level 15. HP: 136/136 MP: 6/6
 23850 | D:12     | Killed an unseen horror
 24475 | D:13     | Noticed Simboubou's ghost (powerful MiBe)
 24485 | D:13     | Killed Simboubou's ghost
 24895 | D:13     | Received a gift from Trog
 24955 | D:13     | Received a gift from Trog
 24974 | D:13     | Found a gate to the Vaults.
 25675 | D:14     | Received a gift from Trog
 25863 | D:14     | Reached skill level 24 in Axes
 26076 | D:14     | Found Ischixakh's Assorted Antiques.
 26079 | D:14     | Bought a marble ring for 145 gold pieces
 26079 | D:14     | Bought a curved glass wand for 116 gold pieces
 26245 | D:14     | Found Poceig's Book Emporium.
 26424 | D:15     | Entered Level 15 of the Dungeon
 27053 | D:15     | Found a staircase to the Depths.
 27659 | Snake:1  | Entered Level 1 of the Snake Pit
 27770 | Snake:1  | Received a gift from Trog
 28087 | Snake:1  | Reached skill level 25 in Axes
 28166 | Snake:1  | Found Sugig's Food Emporium.
 28231 | Snake:1  | Gained mutation: You are weak. (Str -2) [potion of mutation]
 28231 | Snake:1  | Gained mutation: You can spit poison. [potion of mutation]
 28231 | Snake:1  | Gained mutation: You have a pair of large horns on your head. [potion of mutation]
 29048 | Snake:2  | Reached XP level 16. HP: 130/144 MP: 6/6
 29380 | Snake:2  | Received a gift from Trog
 29666 | Snake:3  | Noticed Agnes
 29674 | Snake:3  | Killed Agnes
 30004 | Snake:3  | Noticed Aizul
 30014 | Snake:3  | Killed Aizul
 30014 | Snake:3  | Reached skill level 26 in Axes
 30031 | Snake:3  | Received a gift from Trog
 30772 | Snake:3  | Noticed Saint Roka
 30781 | Snake:3  | Killed Saint Roka
 32142 | Snake:4  | Received a gift from Trog
 32145 | Snake:4  | Reached skill level 27 in Axes
 32590 | Snake:4  | HP: 6/145 [salamander mystic/dagger (15)]
 32590 | Snake:4  | Slain by a naga warrior

Action                   |  1- 3 |  4- 6 |  7- 9 | 10-12 | 13-15 | 16-18 || total
-------------------------+-------+-------+-------+-------+-------+-------++-------
Melee: Hand axe          |    65 |   182 |   359 |   823 |       |       ||  1429
       Executioner's axe |       |       |       |    19 |   987 |   213 ||  1219
Invok: Berserk           |     1 |     2 |     8 |    14 |     9 |     1 ||    35
       Brothers in Arms  |       |       |     1 |     6 |       |       ||     7
       Trog's Hand       |       |       |       |     2 |     1 |       ||     3
       Burn Spellbooks   |       |       |       |       |     2 |       ||     2
Evoke: Wand              |       |     1 |     2 |     9 |     4 |       ||    16
  Use: Scroll            |       |    13 |     4 |     5 |    24 |     1 ||    47
       Potion            |       |       |       |     2 |     8 |     5 ||    15
  Eat: Meat ration       |     1 |       |       |       |     1 |       ||     2
       Chunk             |       |     4 |    16 |    40 |    37 |     4 ||   101
       Bread ration      |       |       |     2 |       |     1 |     1 ||     4
       Fruit             |       |       |     2 |       |       |     4 ||     6
       Pizza             |       |       |     1 |       |       |       ||     1
